 Dungeon Crawl Stone Soup version 0.32-a0-986-ga09f62fbf4 (webtiles) character file.

Game seed: 4148200453995136894

34 shadizar the Magician (level 3, -3/25 HPs)
             Began as a Djinni Earth Elementalist on Apr 21, 2024.
             Slain by an orc wizard
             ... wielding a +1 dagger of venom
              (4 damage)
             ... on level 1 of the Dungeon.
             The game lasted 00:01:05 (1193 turns).

shadizar the Magician (Djinni Earth Elementalist)   Turns: 1193, Time: 00:01:06

Health: -3/25      AC:  2    Str:  7    XL:     3   Next: 50%
Gold:   150        EV: 11    Int: 18    God:
                   SH:  0    Dex: 13

rFire   + + .        (no weapon)
rCold   x . .        (no shield)
rNeg    . . .        a - +0 robe
rPois   ∞            (no helmet)
rElec   .            (no cloak)
rCorr   .            (no gloves)
SInv    .            (boots unavailable)
Will    .....        (no amulet)
Stlth   ++           (no ring)
HPRegen 0.24/turn    (no ring)

%: infuse magic (-4 HP)
@: flying
A: sickness immunity, fire resistance 2, cold vulnerability 1, float, innate
caster, HP casting, extra vitality 1
a: no special abilities


You were on level 1 of the Dungeon.
You visited 1 branch of the dungeon, and saw 2 of its levels.

You collected 150 gold pieces.

Inventory:

Armour
 a - a +0 robe (worn)
Jewellery
 i - a +6 ring of dexterity
Scrolls
 d - 2 scrolls of identify {unknown}
 e - a scroll of enchant armour {unknown}
 g - a scroll of teleportation {unknown}
Potions
 b - 2 potions of ambrosia {unknown}
 c - a potion of lignification {unknown}
 f - a potion of invisibility {unknown}
 h - 2 potions of mutation {unknown}


   Skills:
 - Level 2.1 Dodging
 - Level 1.5 Stealth
 + Level 3.9 Spellcasting
 + Level 3.9 Conjurations
 + Level 3.9 Hexes
 + Level 3.9 Summonings
 + Level 3.9 Necromancy
 + Level 3.9 Translocations
 + Level 3.9 Fire Magic
 + Level 3.9 Ice Magic
 + Level 3.9 Air Magic
 + Level 3.9 Earth Magic
 + Level 3.9 Alchemy


You knew the following spells:

 Your Spells              Type           Power      Damage    Failure   Level
a - Sandblast             Erth           34%        2d9       3%          1
b - Passwall              Erth           17%        N/A       9%          3
c - Stone Arrow           Conj/Erth      34%        3d9       9%          3
d - Petrify               Alch/Erth      17%        N/A       28%         4
e - Brom's Barrelling Bo  Conj/Erth      17%        2d4       28%         4
f - Magic Dart            Conj           68%        1d6       3%          1
Your spell library was empty.

Dungeon Overview and Level Annotations

Branches:
Dungeon (2/15)

Altars:
Ashenzari

Shops:
D:2 [


Innate Abilities, Weirdness & Mutations

You are immune to sickness and miasma.
You are immune to poison.
Your flesh is very heat resistant. (rF++)
You are vulnerable to cold. (rC-)
You float through the air rather than walking.
You learn spells naturally, not from books.
Your magical power is your life essence.
You have superior vitality. (+4 MHP)


Message History

You hear a shout!
There is a strange disturbance nearby!
You can't see any susceptible monsters within range! (Use Z to cast anyway.) No target in view!
You can't see any susceptible monsters within range! (Use Z to cast anyway.)
An orc comes into view. It is wielding a +0 club.
Found a square jasper amulet.
An orc comes into view.
It is wielding a +2 dagger of holy wrath.
An orc comes into view. It is wielding a +0 hand axe.
A ribbon worm comes into view.
The orc shouts! x2; You hear a shout!
An orc comes into view.
It is wielding a +1 hand axe of freezing.
Something hits you.
There is a stone staircase leading up here.
You hear some strange, mumbled words.
You are confused.
The orc hits you with a +0 club.
You fly upwards.
Reactivating autopickup.
There is a stone staircase leading down here.
You're too confused to cast spells.
You're too confused to cast spells.
You bump into the rock wall.
The orc hits you with a +0 club.
You hear some strange, mumbled words.
Deactivating autopickup; reactivate with Ctrl-A.
Something tries to affect you, but you resist.
The orc closely misses you. Something hits you.
The orc hits you with a +0 club.
There is a stone staircase leading down here.
You bump into the rock wall.
Something hits you. The orc hits you with a +0 club.
* * * LOW HITPOINT WARNING * * *
You bump into the rock wall.
Something hits you.
* * * LOW HITPOINT WARNING * * *
The orc hits you with a +0 club.
* * * LOW HITPOINT WARNING * * *
You're too confused to move!
You feel less confused. Something hits you.
You die...

.....#.......##.##.#######.....##
.....#.......##..................
..####.......##..#.####..###...##
#.# #.......##..#.###..## #...#
#.#############..#.....## #...##
#....### #..#.##### #.....
#......## #..#.##########'###
##......## ##.o..#.............
####....### #.{@#.#.########.###
###....####.##.#.# #.#
##..)........#.##### #.#
##†......#........####.#
###.................#.#
#############...........#.#
#...........'...........#.#
#.......#####...........#.#
######### #...........#.#


You could see an orc.

Vanquished Creatures
  2 dart slugs (D:1)
  2 bats
  3 endoplasms
  3 giant cockroaches
  4 goblins
  A hobgoblin (D:2)
  A kobold (D:1)
  2 quokkas
  5 ball pythons
  3 rats
26 creatures vanquished.

Notes
Turn   | Place    | Note
-------+----------+-------------------------------------------
     0 | D:1      | shadizar the Djinni Earth Elementalist began the quest for
                  | the Orb.
     0 | D:1      | shadizar set off with the following spells memorised:
                  | Sandblast, Passwall, Stone Arrow, Petrify, Brom's
                  | Barrelling Boulder.
     0 | D:1      | Reached XP level 1. HP: 15/15 MP: 0/0
   144 | D:1      | Reached XP level 2. HP: 20/21 MP: 0/0
   944 | D:2      | Reached XP level 3. HP: 24/25 MP: 0/0
   944 | D:2      | Learned a level 1 spell: Magic Dart
   952 | D:2      | Found Cuxteit's Armour Shoppe.
  1117 | D:2      | Found a broken altar of Ashenzari.
  1192 | D:1      | HP: 1/25 [orc/+0 club (4)]
  1193 | D:1      | Slain by an orc wizard

Illustrated notes

Levels and vault maps discovered:
D:1:      dpeg_arrival_rhombi, layout_basic, serial_curves, eino_curves_03,
          eino_curves_02, hex_tiny, minmay_misc_feat_x
D:2:      layout_basic, serial_shops, shop, basic_altar,
          dreamdust_ecumenical_altar_grove

Action                     || total
---------------------------++-------
   Cast: Sandblast         ||    34
 Armour: Robe              ||    13
  Dodge: Dodged            ||     5

Table legend: (Time is in decaauts)
 A = Elapsed time spent in this place.
 B = Non-inter-level travel time spent in this place.
 C = Inter-level travel time spent in this place.
 D = Time resting spent in this place.
 E = Time spent auto-exploring this place.
 F = Levels seen in this place.
 G = Mean time per level.
                   A        B        C        D        E       F      G
               +--------+--------+--------+--------+--------+-----+--------+
         Total |   1210 |   1188 |     22 |      0 |   1030 |   2 |  605.0 |
       Dungeon |   1210 |   1188 |     22 |      0 |   1030 |   2 |  605.0 |
               +--------+--------+--------+--------+--------+-----+--------+

Top non-repeatable levels by time:
     D:1: 946 daAuts
     D:2: 264 daAuts
